 Dungeon Crawl Stone Soup version 0.27-a0-1200-g94dc6ad4cf (webtiles) character file.

Game seed: 9906701699697957975

7882 Froggeryz the Frost Mage (level 10, -5/69 HPs)
             Began as a Demigod Ice Elementalist on May 31, 2021.
             Killed by refrigeration
             ... invoked by Fannar
              (10 damage)
             ... on level 10 of the Dungeon.
             The game lasted 00:18:34 (12015 turns).

Froggeryz the Frost Mage (DgIE)                    Turns: 12015, Time: 00:18:35

Health: -5/69      AC: 23    Str: 13    XL:     10   Next: 72%
Magic:  12/15      EV: 16    Int: 25    God:
Gold:   770        SH:  5    Dex: 14    Spells: 5/12 levels left

rFire    . . .     SeeInvis .   w - +2 short sword (drain)
rCold    . . .     Faith    .   p - +0 buckler {AC+3}
rNeg     . . .     Spirit   .   I - +0 robe {Archmagi}
rPois    +         Reflect  .   k - +2 helmet
rElec    .         Harm     .   G - +1 cloak "Wacsaf" {Will+}
rCorr    .         Rampage  .   e - +0 pair of gloves
Will     +++..                  D - +0 pair of boots
Stlth    ++........             (no amulet)
HPRegen  0.21/turn              d - ring of willpower
MPRegen  0.14/turn              x - ring of poison resistance

@: ice-armoured, on berserk cooldown, slowed, very slow
A: high mp 1, forlorn
a: no special abilities


You were on level 10 of the Dungeon.
You visited 1 branch of the dungeon, and saw 10 of its levels.
You also visited: Ossuary and Bailey.

You collected 953 gold pieces.
You spent 183 gold pieces at shops.

Inventory:

Hand Weapons
 w - a +2 short sword of draining (weapon)
Missiles
 a - 3 curare-tipped darts
 c - a throwing net
Armour
 e - a +0 pair of gloves (worn)
 k - a +2 helmet (worn)
 p - a +0 buckler of protection (worn)
 D - a +0 pair of boots (worn)
 F - a +1 robe of willpower
 G - the +1 cloak "Wacsaf" (worn) {Will+}
   (You found it in a bailey)

   It increases your willpower.
 I - a +0 robe of the Archmagi (worn)
Jewellery
 d - a ring of willpower (left hand)
 x - a ring of poison resistance (right hand)
 z - a ring of protection from cold
Wands
 f - a wand of paralysis (8)
 o - a wand of flame (11)
Scrolls
 b - 3 scrolls of teleportation
 h - 2 scrolls of brand weapon
 j - 2 scrolls of noise
 l - 2 scrolls of amnesia
 m - a scroll of blinking {unknown}
 u - a scroll of fog
 y - a scroll of immolation
 B - a scroll of enchant weapon
 C - a scroll of fear
 E - a scroll of silence
 H - a scroll of summoning {unknown}
 J - a scroll of enchant armour {unknown}
Potions
 g - a potion of berserk rage
 i - a potion of might {unknown}
 n - 2 potions of curing
 q - a potion of brilliance
 r - 3 potions of lignification
 s - a potion of heal wounds
 t - a potion of haste {unknown}
 v - 3 potions of mutation {unknown}
 A - 3 potions of flight {unknown}


   Skills:
 + Level 9.6 Dodging
 - Level 1.7 Stealth
 - Level 5.1 Shields
 - Level 1.7 Spellcasting
 + Level 11.7 Ice Magic


You had 5 spell levels left.
You knew the following spells:

 Your Spells              Type           Power      Damage    Failure   Level
a - Freeze                Ice            100%       1d11      1%          1
b - Frozen Ramparts       Ice            100%       1d12      1%          3
c - Ozocubu's Armour      Ice            75%        N/A       1%          3

Your spell library contained the following spells:

 Spells                   Type           Power      Damage    Failure   Level
 Hailstorm                Conj/Ice       47%        3d11      11%         4
 Corona                   Hex            3%         N/A       12%         1
 Slow                     Hex            3%         N/A       17%         2
 Metabolic Englaciation   Hex/Ice        23%        N/A       28%         5
 Inner Flame              Hex/Fire       3%         N/A       34%         3
 Portal Projectile        Hex/Tloc       6%         N/A       34%         3
 Cause Fear               Hex            1%         N/A       75%         4
 Leda's Liquefaction      Hex/Erth       1%         N/A       75%         4


Dungeon Overview and Level Annotations

Branches:
Dungeon (10/15)            Temple (0/1) D:4         Ossuary (visited)
 Bailey (visited)
   Lair: D:8-11         Orc: D:9-12

Shops:
D:3 *   D:10 ?

Annotations:
D:10 Fannar


Innate Abilities, Weirdness & Mutations

Your attributes grow dramatically as you level up.
You have an increased reservoir of magic. (+10% MP)
You shall have no god before yourself.


Message History

The ice beast is heavily wounded.
The ice beast misses you.
You closely miss Fannar.
Fannar is severely wounded.
The ice beast misses you.
You barely miss Fannar.
Fannar is severely wounded.
Fannar barely misses you. The ice beast closely misses you.
The ice beast hits you but does no damage.
You barely miss Fannar.
Fannar is severely wounded.
Fannar hits you but does no damage. Fannar freezes you.
* * * LOW HITPOINT WARNING * * *
You block the ice beast's attack.
You hit Fannar.
Fannar is severely wounded.
The ice beast hits you but does no damage.
You barely miss Fannar.
Fannar is severely wounded.
Fannar closely misses you. The ice beast barely misses you.
You hit Fannar. You drain Fannar.
Fannar is severely wounded.
You block the ice beast's attack.
The ice beast hits you but does no damage.
You puncture the ice beast! You drain the ice beast.
The ice beast is heavily wounded.
The ice beast misses you.
You closely miss the ice beast.
The ice beast is heavily wounded.
You block the ice beast's attack. The ice beast misses you.
The ice beast hits you but does no damage.
You hit the ice beast. You drain the ice beast.
The ice beast is severely wounded.
You are no longer berserk.
You are exhausted.
You feel yourself slow down.
The ice beast hits you but does no damage.
Fannar mumbles some strange words.
Fannar drains the heat from the surrounding environment!
You die...

#+#.........###
...................#
......######_..##.#
...[.. #...##..
#..## #######. #..#
#. #.e# #. #YY# #.
##Y@## #. ##....##
#. ##......## #.
#...##...# ########.
#..####..# #........
#..####..# #........
#...##...# #..######
#........## ##..#
#..........###..##


You could see Fannar (drained) and 3 ice beasts.

Vanquished Creatures
  Erolcha (D:9)
  A two-headed ogre (D:9)
  An orc high priest (Bailey)
  An orc knight (Bailey)
  A kobold demonologist (Bailey)
  A troll (D:8)
  2 hornets
  A steam dragon (D:9)
  Duvessa (D:4)
  A water moccasin (D:8)
  An ice beast (D:7)
  A sky beast (D:8)
  8 orc warriors
  A black bear (D:4)
  2 necrophages (D:7)
  2 centaurs
  2 ogres
  A phantom (D:3)
  3 elf zombies (Ossuary)
  A bullfrog (D:8)
  A gnoll sergeant (D:9)
  A scorpion (D:7)
  A wyvern zombie (D:7)
  Dowan (D:4)
  A water moccasin skeleton (D:5)
  9 killer bees (D:9)
  6 wights
  11 electric eels
  A bullfrog zombie (D:5)
  5 centaur zombies
  A human zombie (Ossuary)
  An orc priest (D:7)
  3 jellies
  Crazy Yiuf (D:2)
  3 hounds
  A bullfrog skeleton (D:5)
  3 iguanas
  Natasha (thrice) (D:2)
  5 orc wizards
  2 mummies (Ossuary)
  Robin (D:2)
  14 gnolls
  4 adders
  A howler monkey skeleton (D:4)
  A shadow imp (D:7)
  A white imp (D:8)
  An ufetubus (D:5)
  An adder zombie (Ossuary)
  An adder skeleton (D:4)
  3 worms
  3 dart slugs
  24 orcs
  2 ball pythons (D:3)
  3 bats
  4 endoplasms
  4 giant cockroaches
  24 goblins
  16 hobgoblins
  3 jackals (D:1)
  A kobold (D:1)
  A frilled lizard (D:2)
  4 goblin zombies
  10 hobgoblin zombies (Ossuary)
  A jackal zombie (Ossuary)
  6 kobold zombies (Ossuary)
  9 orc zombies (Ossuary)
  A quokka zombie (D:7)
  4 rats
  A rat zombie (Ossuary)
242 creatures vanquished.

Vanquished Creatures (others)
  2 plants (D:9)
  5 toadstools (D:1)
7 creatures vanquished.

Grand Total: 249 creatures vanquished

Notes
Turn   | Place    | Note
-------+----------+-------------------------------------------
     0 | D:1      | Froggeryz the Demigod Ice Elementalist began the quest for
                  | the Orb.
     0 | D:1      | Reached XP level 1. HP: 14/14 MP: 5/5
   144 | D:1      | Reached skill level 4 in Ice Magic
   395 | D:1      | Reached XP level 2. HP: 20/20 MP: 4/7
  1151 | D:2      | Noticed Robin
  1599 | D:2      | Killed Robin
  1600 | D:2      | Reached XP level 3. HP: 20/26 MP: 2/8
  1682 | D:2      | Learned a level 3 spell: Frozen Ramparts
  1701 | D:2      | Noticed Natasha
  1721 | D:2      | Killed Natasha
  1722 | D:2      | Reached skill level 5 in Ice Magic
  2147 | D:2      | Noticed Natasha
  2153 | D:2      | Killed Natasha
  2154 | D:2      | Reached XP level 4. HP: 25/33 MP: 5/9
  2332 | D:2      | Found a runed translucent door.
  2333 | D:2      | Noticed Crazy Yiuf
  2380 | D:2      | Killed Crazy Yiuf
  2693 | D:2      | Noticed Natasha
  2698 | D:2      | Killed Natasha
  2783 | D:3      | Reached skill level 6 in Ice Magic
  2783 | D:3      | Reached XP level 5. HP: 28/38 MP: 10/10
  3222 | D:3      | Found Imugh's Assorted Antiques.
  3259 | D:3      | Bought a glowing buckler for 157 gold pieces
  3545 | D:4      | Noticed a black bear
  3553 | D:4      | Killed a black bear
  3554 | D:4      | Reached skill level 1 in Shields
  3554 | D:4      | Reached XP level 6. HP: 38/45 MP: 5/11
  3658 | D:4      | Found a staircase to the Ecumenical Temple.
  3809 | D:4      | Noticed Duvessa
  3809 | D:4      | Noticed Dowan
  3816 | D:4      | Killed Duvessa
  3817 | D:4      | Killed Dowan
  4196 | D:4      | Reached skill level 7 in Ice Magic
  4469 | D:4      | Reached XP level 7. HP: 48/50 MP: 12/12
  4633 | D:5      | Entered Level 5 of the Dungeon
  4650 | D:5      | Learned a level 3 spell: Ozocubu's Armour
  5327 | D:5      | Reached skill level 5 in Shields
  6410 | D:7      | Reached XP level 8. HP: 52/57 MP: 8/13
  6523 | D:7      | Reached skill level 8 in Ice Magic
  6709 | D:7      | Found a sand-covered staircase.
  6716 | Ossuary  | Entered an ossuary
  7097 | Ossuary  | Reached skill level 5 in Dodging
  7178 | Ossuary  | Reached skill level 9 in Ice Magic
  7851 | D:8      | Noticed a troll
  7859 | D:8      | Killed a troll
  7860 | D:8      | Reached XP level 9. HP: 55/62 MP: 4/14
  7897 | D:8      | Found a flagged portal.
  7914 | Bailey   | Entered a bailey
  8106 | Bailey   | Noticed an orc high priest
  8106 | Bailey   | Noticed a kobold demonologist
  8114 | Bailey   | Noticed a hellwing
  8118 | Bailey   | Killed a kobold demonologist
  8123 | Bailey   | Killed an orc high priest
  8124 | Bailey   | Reached skill level 10 in Ice Magic
  8760 | Bailey   | Noticed an orc knight
  8769 | Bailey   | Killed an orc knight
  8962 | Bailey   | Identified the +1 cloak "Wacsaf" {Will+}
  8991 | Bailey   | Identified the +8 quarterstaff of Starshine {holy, rF+
                  | Str+4 Dex+4}
  9270 | D:8      | Reached XP level 10. HP: 69/69 MP: 8/15
  9449 | D:8      | Acquired 332 gold pieces
 10041 | D:9      | Noticed a two-headed ogre
 10054 | D:9      | Killed a two-headed ogre
 10055 | D:9      | Reached skill level 11 in Ice Magic
 10561 | D:9      | Noticed Erolcha
 10577 | D:9      | Killed Erolcha
 11768 | D:10     | Entered Level 10 of the Dungeon
 11816 | D:10     | Found Caheuts's Magic Scroll Shoppe.
 11824 | D:10     | Bought a scroll of fog for 26 gold pieces
 11983 | D:10     | Noticed Fannar
 12015 | D:10     | Killed from afar by Fannar

Illustrated notes

Levels and vault maps discovered:
D:1:      minmay_arrival_up_and_down, layout_loops_ring,
          shapermc_ecumenical_altar_starsandcircs, minmay_gold_behind_fungi
D:2:      layout_basic, roderic_filled_cross, uniq_crazy_yiuf_cottage,
          uniq_robin, uniq_natasha
D:3:      layout_rooms, grunt_qazlal_sundering, serial_shops, shop,
          kennysheep_generic_room_10
D:4:      layout_gridville, kennysheep_mini_moat,
          minmay_temple_entry_steel_oval, uniq_duvessa
D:5:      layout_basic, st_stairs_11
D:6:      minmay_polygon_palace, layout_gridville
D:7:      layout_loops_ring, enter_ossuary_4
D:8:      layout_basic, elyvilon_altar_5, gammafunk_temple_overflow_claw,
          enter_bailey_5
D:9:      layout_irregular_city, ashenzari_altar_1, serial_bayou,
          serial_bayou_crossing, serial_bayou_lake_a, serial_bayou_pond_b,
          serial_bayou_shore_b, uniq_erolcha
D:10:     layout_irregular_city, overflow_temple_1_default, zin_treasury,
          erik_lair_orcish_takeover, serial_shops, shop, grunt_ministairs_9,
          nicolae_sextant, uniq_fannar

Skill      XL: |  1  2  3  4  5  6  7  8  9 10 |
---------------+-------------------------------+-----
Ice Magic      | 4 5 6 7 9 10 11 | 11.7
Shields        | 1 3 5 |  5.1
Dodging        | 2 5 8 9 |  9.6
Stealth        | |  1.7
Spellcasting   | |  1.7

Action                   |  1- 3 |  4- 6 |  7- 9 | 10-12 || total
-------------------------+-------+-------+-------+-------++-------
Melee: Unarmed           |     9 |       |       |       ||     9
       Mace              |    14 |    61 |       |       ||    75
       Short sword       |       |    32 |   472 |   117 ||   621
 Cast: Freeze            |    41 |    19 |    12 |     8 ||    80
       Frozen Ramparts   |     2 |    12 |    33 |    19 ||    66
       Ozocubu's Armour  |       |       |    22 |    14 ||    36
Evoke: Wand              |       |       |     8 |    12 ||    20
  Use: Scroll            |       |       |     8 |     4 ||    12
       Potion            |       |       |     2 |     3 ||     5
 Stab: Distracted        |       |     1 |       |       ||     1
       Paralysed         |       |       |     8 |       ||     8
       Sleeping          |       |       |     5 |       ||     5
Armor: Robe              |    20 |    41 |   189 |    40 ||   290
       Skin              |       |       |    10 |       ||    10
Dodge: Dodged            |    52 |    79 |   314 |   103 ||   548
Block: Buckler           |       |       |    95 |    48 ||   143

Table legend: (Time is in decaauts)
 A = Elapsed time spent in this place.
 B = Non-inter-level travel time spent in this place.
 C = Inter-level travel time spent in this place.
 D = Time resting spent in this place.
 E = Time spent auto-exploring this place.
 F = Levels seen in this place.
 G = Mean time per level.
                   A        B        C        D        E       F      G
               +--------+--------+--------+--------+--------+-----+--------+
         Total |  12147 |  11671 |    476 |   1870 |   7527 |  12 | 1012.2 |
       Dungeon |  10473 |   9997 |    476 |   1502 |   6825 |  10 | 1047.3 |
       Ossuary |    564 |    564 |      0 |     46 |    216 |   1 |  564.0 |
        Bailey |   1109 |   1109 |      0 |    322 |    486 |   1 | 1109.0 |
               +--------+--------+--------+--------+--------+-----+--------+

Top non-repeatable levels by time:
     D:9: 1614 daAuts
     D:1: 1506 daAuts
     D:8: 1501 daAuts
     D:4: 1373 daAuts
     D:2: 1242 daAuts
     D:5: 1200 daAuts
  Bailey: 1109 daAuts
     D:3: 769 daAuts
     D:7: 689 daAuts
 Ossuary: 564 daAuts
     D:6: 333 daAuts
    D:10: 243 daAuts
